 Dungeon Crawl Stone Soup version 0.19.1 (webtiles) character file.

494 dajomu the Shield-Bearer (level 7, 0/54 HPs)
             Began as a Human Fighter on Dec 12, 2016.
             Killed by divine providence
             ... invoked by an orc priest
              (11 damage)
             ... on level 4 of the Dungeon.
             The game lasted 00:39:27 (4433 turns).

dajomu the Shield-Bearer (Human Fighter)            Turns: 4433, Time: 00:39:28

Health: 0/54       AC: 10    Str: 16    XL:     7   Next: 38%
Magic:  7/7        EV:  8    Int: 13    God:
Gold:   113        SH:  9    Dex: 13    Spells: 0 memorised, 6 levels left

rFire  + . .     SeeInvis .     a - +0 long sword
rCold  x . .     Gourm    .     b - +2 scale mail
rNeg   . . .     Faith    .     c - +0 shield
rPois  .         Spirit   .     p - +0 helmet
rElec  .         Reflect  .     (no cloak)
rCorr  .         Harm     .     (no gloves)
MR     .....                    (no boots)
Stlth  ..........               (no amulet)
                                r - ring of fire
                                l - +3 ring of intelligence

@: no status effects
A: no striking features
a: no special abilities


You were on level 4 of the Dungeon.
You were not hungry.

You visited 1 branch of the dungeon, and saw 4 of its levels.

You collected 113 gold pieces.

Inventory:

Hand Weapons
 a - a +0 long sword (weapon)
 e - a +0 whip
 h - a +3 quarterstaff of chaos
 i - a +2 mace of draining
 x - a +2 dagger of draining
Missiles
 s - 6 needles of sleeping
Armour
 b - a +2 scale mail (worn)
 c - a +0 shield (worn)
 j - a +0 robe
 o - a +0 leather armour
 p - a +0 helmet (worn)
 t - a cursed +0 leather armour
 u - a +0 cloak
 y - a +0 scale mail
Magical Staves
 E - a cursed staff of energy {unknown}
Jewellery
 l - a +3 ring of intelligence (left hand)
 r - a ring of fire (right hand)
Wands
 f - a wand of teleportation (2/9)
Scrolls
 v - 3 scrolls of fog
 w - a scroll of fear
 C - a scroll of magic mapping {unknown}
 D - a scroll of teleportation
Potions
 d - a potion of might
 g - 2 potions of degeneration
 k - a potion of haste
 m - a potion of brilliance {unknown}
 q - a potion of agility {unknown}
 A - 2 potions of curing
Comestibles
 n - a beef jerky
 B - a bread ration


   Skills:
 + Level 4.0 Fighting
 + Level 4.7 Long Blades
 + Level 4.1 Armour
 + Level 1.5 Dodging
 + Level 0.2 Stealth
 + Level 4.8 Shields


You had 6 spell levels left.
You didn't know any spells.

Dungeon Overview and Level Annotations

Branches:
Dungeon (4/15)
 Temple: D:4-7

Altars:


Message History

You see here a trident.
You closely miss the orc.
The orc priest looks satisfied for a moment.
The orc hits you with a trident.
You closely miss the orc. The orc hits you but does no damage.
You hit the orc.
The orc is heavily wounded.
The orc priest completely misses you. The orc hits you but does no damage.
You block the orc's attack.
You hit the orc priest.
The orc priest is moderately wounded.
The orc priest mumbles some strange prayers to Beogh against you.
Beogh smites you!
* * * LOW HITPOINT WARNING * * *
You block the orc's attack.
You hit the orc priest.
The orc priest is severely wounded.
The orc priest calls down the wrath of Beogh upon you.
Beogh smites you!
You die...

............#
.........#..#
.........#..#
.........#..##
)........#...#
............>############
........................#
..........#############.#
.........oo@..# #.#
#.......#.###.# #.#
#.......#.# .# #.####
#.....J.#.# .# #.#...
#.......#.. .# #.#.#.
#.......### ## #.#.#.
#.....o.# #.#.#.
#........ ### #.#.#. #<#
#.#.#.


You could see an orc priest and an orc.

Vanquished Creatures
  An ogre (D:4)
  3 orc wizards
  2 orc priests
  Crazy Yiuf (D:3)
  Ijyb (D:3)
  A worker ant (D:4)
  7 adders
  An ooze (D:4)
  5 worms
  3 dart slugs
  A leopard gecko (D:3)
  13 orcs
  3 giant cockroaches (D:3)
  9 goblins
  13 hobgoblins
  3 jackals
  7 kobolds
  A quokka (D:3)
  A ball python (D:3)
  13 bats
  2 frilled lizards
  3 rats
94 creatures vanquished.

Notes
Turn   | Place    | Note
-------+----------+-------------------------------------------
     0 | D:1      | dajomu the Human Fighter began the quest for the Orb.
     0 | D:1      | Reached XP level 1. HP: 18/18 MP: 1/1
   138 | D:1      | Reached XP level 2. HP: 24/24 MP: 2/2
  1029 | D:1      | Reached XP level 3. HP: 29/29 MP: 3/3
  1302 | D:2      | Reached XP level 4. HP: 5/35 MP: 4/4
  2113 | D:3      | Noticed Ijyb
  2159 | D:3      | Killed Ijyb
  2159 | D:3      | Reached skill level 1 in Dodging
  2159 | D:3      | Reached XP level 5. HP: 35/41 MP: 5/5
  2640 | D:3      | Reached XP level 6. HP: 41/47 MP: 6/6
  3002 | D:3      | Found a runed door.
  3006 | D:3      | Noticed Crazy Yiuf
  3015 | D:3      | Killed Crazy Yiuf
  3747 | D:4      | Noticed an ogre
  4089 | D:4      | Reached XP level 7. HP: 38/53 MP: 7/7
  4433 | D:4      | Killed from afar by an orc priest

Skill      XL: |  1  2  3  4  5  6  7 |
---------------+----------------------+-----
Long Blades    | 3 4 |  4.7
Dodging        | 1 |  1.5
Shields        | 4 |  4.8
Armour         | 4 |  4.1
Fighting       | 4 |  4.0
Stealth        | |  0.2

Action                   |  1- 3 |  4- 6 |  7- 9 || total
-------------------------+-------+-------+-------++-------
Melee: Long sword        |   112 |   341 |    37 ||   490
Evoke: Wand              |       |     1 |       ||     1
  Use: Scroll            |     6 |     4 |       ||    10
       Potion            |       |     6 |       ||     6
  Eat: Bread ration      |     1 |     1 |       ||     2
       Meat ration       |       |     1 |       ||     1
       Pizza             |       |     1 |       ||     1
Armor: Scale mail        |   100 |   165 |    14 ||   279
       Skin              |       |     2 |       ||     2
Dodge: Dodged            |    52 |    90 |    16 ||   158
Block: Shield            |    88 |   159 |    20 ||   267
       Rpst.: Long sword |    23 |    31 |     5 ||    59
